 Dungeon Crawl Stone Soup version 0.17.1-3-g152610e (webtiles) character file.

238 Breadlance the Covered (level 5, -9/47 HPs)
             Began as a Minotaur Fighter on Apr 2, 2016.
             Mangled by an ogre
             ... wielding a +0 giant club
              (17 damage)
             ... on level 4 of the Dungeon.
             The game lasted 00:05:51 (3016 turns).

Breadlance the Covered (Minotaur Fighter)           Turns: 3016, Time: 00:05:51

Health: -9/47      AC:  7    Str: 25    XL:     5   Next: 78%
Magic:  4/4        EV:  8    Int:  5    God:
Gold:   154        SH: 10    Dex: 11    Spells: 0 memorised, 4 levels left

rFire  . . .     SeeInvis .     a - +0 war axe
rCold  . . .     Clarity  .     b - +0 scale mail
rNeg   . . .     SustAt   .     c - +0 shield
rPois  .         Gourm    .     (helmet restricted)
rElec  .         Spirit   .     (no cloak)
rCorr  .         Warding  .     (no gloves)
rMut   .         Stasis   .     (no boots)
MR     .....                    (no amulet)
Stlth  ..........               (no ring)
                                (no ring)

@: mighty, drained, not resistant to hostile enchantments, extremely unstealthy
A: retaliatory headbutt, horns 2
a: no special abilities


You were on level 4 of the Dungeon.
You were not hungry.

You visited 1 branch of the dungeon, and saw 4 of its levels.

You collected 154 gold pieces.

Inventory:

Hand Weapons
 a - a +0 war axe (weapon)
Missiles
 f - 64 bolts
 n - 6 bolts of penetration
Armour
 b - a +0 scale mail (worn)
 c - a +0 shield (worn)
Jewellery
 i - an uncursed ring of stealth {unknown}
Wands
 e - a wand of lightning (12)
Scrolls
 g - a scroll of remove curse {unknown}
 h - a scroll of identify {unknown}
 j - a scroll of magic mapping {unknown}
 l - 2 scrolls of enchant armour {unknown}
 t - 2 scrolls of teleportation {unknown}
Potions
 d - a potion of might
 q - 2 potions of cancellation {unknown}
 r - a potion of berserk rage {unknown}
 s - a potion of poison {unknown}
Books
 p - a Young Poisoner's Handbook

   Spells                             Type                      Level
   a - Sting                          Conjuration/Poison           1
   b - Cure Poison                    Poison                       2
   c - Mephitic Cloud                 Conjuration/Poison/Air       3
   d - Olgreb's Toxic Radiance        Poison                       4
   e - Venom Bolt                     Conjuration/Poison           5
Comestibles
 k - 7 fruits
 m - a slice of pizza
 o - a bread ration


   Skills:
 + Level 4.7(4.3) Fighting
 + Level 3.8(3.4) Axes
 + Level 4.8(4.4) Armour
 + Level 2.6(2.3) Dodging
 + Level 4.7(4.3) Shields


You had 4 spell levels left.
You didn't know any spells.

Dungeon Overview and Level Annotations

Branches:
Dungeon (4/15)             Temple (0/1) D:4

Altars:


Innate Abilities, Weirdness & Mutations

You reflexively headbutt those who attack you in melee.
You have a pair of horns on your head.


Message History

An ogre is nearby!
Found a dagger and a chain mail.
The ogre hits you with a giant club.
You hit the ogre.
The ogre is lightly wounded.
You block the ogre's attack.
You hit the ogre. Your headbutt misses the ogre.
The ogre is moderately wounded.
The ogre hits you with a giant club!
You slash the ogre!
The ogre is severely wounded.
The ogre hits you with a giant club!!
* * * LOW HITPOINT WARNING * * *
You are too injured to fight recklessly!
You are too injured to fight recklessly!
There is a stone staircase leading up here.
Drink which item? (? for menu, Esc to quit)
You feel very mighty all of a sudden. The ogre hits you with a giant club!
You die...

.##.### #.......... <...#..
#.......[...#... .#
#..#.######...........#..##[#
#................#.....⌠..)#
#.#.###..............$......
#.#..............##..⌠.>.⌠.#
##..####.##.....####...[.....
#.......................⌠....
#.#.####[##....@O.......#
#.#..# #.##...#..#!....## #
##.###.........#>....#
#.#...##.....#......#
#.#.#.#......###.#..#
#.#.#.#..#.... ..#..#
#...#.#..#.#.#####..#
##..#.#<.#.#.. #..#
####..........#


You could see an ogre.

Vanquished Creatures
  A hound (D:4)
  An orc wizard (D:3)
  Ijyb (D:3)
  4 adders
  3 oozes
  A worm (D:2)
  3 giant geckos
  12 orcs (D:3)
  A ball python (D:3)
  5 bats
  5 giant cockroaches
  11 goblins
  11 hobgoblins
  A quokka (D:2)
  11 giant newts
  A jackal skeleton (D:4)
  6 kobolds
  5 rats
83 creatures vanquished.

Vanquished Creatures (others)
  A plant (D:3)
1 creature vanquished.

Grand Total: 84 creatures vanquished

Notes
Turn   | Place    | Note
--------------------------------------------------------------
     0 | D:1      | Breadlance the Minotaur Fighter began the quest for the Orb.
     0 | D:1      | Reached XP level 1. HP: 19/19 MP: 0/0
   126 | D:1      | Reached XP level 2. HP: 27/27 MP: 1/1
   149 | D:1      | Reached skill level 4 in Fighting
   477 | D:1      | Reached XP level 3. HP: 33/33 MP: 2/2
  2002 | D:3      | Reached skill level 1 in Dodging
  2002 | D:3      | Reached XP level 4. HP: 35/40 MP: 3/3
  2411 | D:3      | Noticed Ijyb
  2427 | D:3      | Killed Ijyb
  2427 | D:3      | Reached XP level 5. HP: 47/47 MP: 4/4
  3001 | D:4      | Found a staircase to the Ecumenical Temple.
  3003 | D:4      | Noticed an ogre
  3016 | D:4      | Mangled by an ogre

Action                   |  1- 3 |  4- 6 || total
-------------------------+-------+-------++-------
Melee: War axe           |    92 |   113 ||   205
  Use: Potion            |     1 |     1 ||     2
  Eat: Bread ration      |     2 |       ||     2
       Beef jerky        |     1 |       ||     1
